 Dungeon Crawl Stone Soup version 0.31-a0-233-g139696dc86 (webtiles) character file.

Game seed: 15451972956009931591

8 qw the Shooter (level 2, -1/23 HPs)
             Began as a Minotaur Hexslinger on July 9, 2023.
             Frozen to death by an endoplasm (5 damage)
             ... on level 1 of the Dungeon.
             The game lasted 00:00:03 (161 turns).

qw the Shooter (Minotaur Hexslinger)                 Turns: 161, Time: 00:00:04

Health: -1/23      AC:  3    Str: 12    XL:     2   Next: 0%
Magic:  2/2        EV: 11    Int: 10    God:
Gold:   16         SH:  0    Dex: 12    Spells: 2/3 levels left

rFire   . . .        a - +1 sling
rCold   . . .        (no shield)
rNeg    . . .        e - +0 leather armour
rPois   .            (helmet restricted)
rElec   .            (no cloak)
rCorr   .            (no gloves)
SInv    .            (no boots)
Will    .....        (no amulet)
Stlth   +            (no ring)
HPRegen 0.23/turn    (no ring)
MPRegen 0.08/turn

%: no passive effects
@: no status effects
A: horns 2, retaliatory headbutt
a: no special abilities


You were on level 1 of the Dungeon.
You visited 1 branch of the dungeon, and saw 1 of its levels.

You collected 16 gold pieces.


Innate Abilities, Weirdness & Mutations

You have a pair of horns on your head.
You reflexively headbutt those who attack you in melee.


   Skills:
 + Level 1.2 Fighting
 - Level 3.1 Ranged Weapons
 - Level 2.1 Dodging
 - Level 1.0 Spellcasting
 - Level 2.0 Hexes


You had 2 spell levels left.
You knew the following spells:

 Your Spells              Type           Power      Damage    Failure   Level
a - Slow                  Hex            16%        N/A       19%         1

Your spell library contained the following spells:

 Spells                   Type           Power      Damage    Failure   Level
 Inner Flame              Hex/Fire       2%         N/A       65%         3
 Portal Projectile        Hex/Tloc       4%         N/A       65%         3
 Cause Fear               Hex            2%         N/A       88%         4

Inventory:

Hand Weapons
 a - a +1 sling (weapon)
Armour
 c - a +0 robe
 e - a +0 leather armour (worn)
Scrolls
 b - a scroll of poison
Potions
 d - 2 potions of curing {unknown}

Dungeon Overview and Level Annotations

Branches:
Dungeon (1/15)

Altars:


Message History

You see here a quokka corpse.
Found a scroll of poison.
Enter note:
d - 2 lumpy pink potions (gained 1)
You now have 16 gold pieces (gained 8).
e - a +0 leather armour A kobold comes into view.
It is wielding a +2 short sword of flaming.
Found a bubbling dark potion.
The kobold shouts!
An endoplasm comes into view.
Enter note:
There are monsters nearby!
150 ||| UPGRADING to +0 leather armour.
The endoplasm quivers.
You start removing your armour.
You continue taking off your +0 robe. x4
You finish taking off your +0 robe.
You start putting on your armour.
You continue putting on your +0 leather armour. x2
The kobold hits you with a +2 short sword of flaming.
Keep equipping yourself?
The kobold burns you.
You continue putting on your +0 leather armour.
The kobold hits you with a +2 short sword of flaming.
The kobold burns you.
You continue putting on your +0 leather armour.
The kobold hits you with a +2 short sword of flaming.
The kobold burns you.
You continue putting on your +0 leather armour.
The kobold hits you with a +2 short sword of flaming.
The kobold burns you.
You finish putting on your +0 leather armour.
You shoot a sling bullet.
The sling bullet closely misses the kobold.
The kobold closely misses you. The kobold hits you but does no damage.
The endoplasm misses you. You furiously retaliate!
You headbutt the endoplasm. You shoot a sling bullet.
The sling bullet hits the endoplasm.
The endoplasm is almost dead.
The endoplasm freezes you.
You are frozen.
You die...

####
#.....#.......#
...#
#######.......#
...##
#.......##
....#
#.........
....##
#.........
.....#
#......##.
#....##
#.####.##
##....#
##.K.....#
##...##
#.@#####.#
##...#
#J##.###.#
##..##
#.#...!...
##..#
#...##.###
##.## #.#.# ..
##<# #.#.. .#
### #.#.# .
#...#


You could see an endoplasm and a kobold.

Vanquished Creatures
  A dart slug (D:1)
  A quokka (D:1)
  A ball python (D:1)
  2 kobolds (D:1)
  2 rats (D:1)
7 creatures vanquished.

Notes
Turn   | Place    | Note
-------+----------+-------------------------------------------
     0 | D:1      | qw the Minotaur Hexslinger began the quest for the Orb.
     0 | D:1      | Reached XP level 1. HP: 16/16 MP: 1/1
     0 | D:1      | 0 ||| qw: Version: 0.3-a-51-g015441d
     0 | D:1      | 0 ||| qw: Game counter: 3965
     0 | D:1      | 0 ||| qw: Melee chars always use a shield: true
     0 | D:1      | 0 ||| qw: God list: Okawaru
     0 | D:1      | 0 ||| qw: Allow faded altars: false
     0 | D:1      | 0 ||| qw: Do Orc after clearing Dungeon:15 true
     0 | D:1      | 0 ||| qw: Do second Lair branch before Depths: true
     0 | D:1      | 0 ||| qw: Lair rune preference: random
     0 | D:1      | 0 ||| qw: Goals: Normal
     0 | D:1      | 0 ||| PLANNING D:1-11
   122 | D:1      | Reached skill level 3 in Ranged Weapons
   122 | D:1      | Reached XP level 2. HP: 23/23 MP: 2/2
   150 | D:1      | 150 ||| UPGRADING to +0 leather armour.
   159 | D:1      | HP: 3/23 [kobold/+2 short sword of flaming (3)]
   161 | D:1      | Frozen to death by an endoplasm

Levels and vault maps discovered:
D:1:      minmay_arrival_pointy, layout_basic, st_stairs_7,
          nicolae_concentric_dashed_squares_mild

Skill      XL: |  1 |
---------------+----+-----
Ranged Weapons | 3 |  3.1
Fighting       | |  1.2
Dodging        | |  2.1
Spellcasting   | |  1.0
Hexes          | |  2.0

Action                     || total
---------------------------++-------
   Fire: Sling             ||    16
 Armour: Leather armour    ||     1
  Dodge: Dodged            ||     5

Table legend:
 A = Non-vault XP
 B = Vault XP
 C = Vault XP percentage of total XP
 D = Non-vault monster count
 E = Vault monster count
 F = Vault count percentage of total count
                 A         B        C        D         E       F
            +---------+---------+-------+---------+---------+-------
      Total |      10 |       2 |  16.7 |       6 |       1 |  14.3
            +---------+---------+-------+---------+---------+-------
        D:1 |      10 |       2 |  16.7 |       6 |       1 |  14.3
            +---------+---------+-------+---------+---------+-------
